 Dungeon Crawl Stone Soup version 0.20.0-8-g6b59dc7 (webtiles) character file.

645 Gorglomux the Covert (level 7, -1/68 HPs)
             Began as a Naga Wanderer on May 31, 2017.
             Slain by an ogre
             ... wielding a +0 giant spiked club
              (30 damage)
             ... on level 4 of the Dungeon.
             The game lasted 00:07:05 (3866 turns).

Gorglomux the Covert (Naga Wanderer)                Turns: 3866, Time: 00:07:06

Health: -1/68      AC: 16    Str: 16    XL:     7   Next: 52%
Magic:  7/7        EV: 13    Int: 11    God:
Gold:   90         SH:  0    Dex:  9    Spells: 6/6 levels left

rFire    . . .     SeeInvis +   b - +7 hand axe "Ogreslayer" {protect, rC++ Int-3 SInv Stlth+}
rCold    + + .     Gourm    .   (no shield)
rNeg     . . .     Faith    .   d - +0 robe
rPois    +         Spirit   .   (no helmet)
rElec    .         Reflect  .   (no cloak)
rCorr    .         Harm     .   r - +0 pair of gloves
MR       .....                  (no barding)
Stlth    ++++......             (no amulet)
Regen    0.3/turn               o - +4 ring of evasion
MPRegen  0.1/turn               (no ring)

@: short of breath, protection aura, very slow
A: iridescent scales 1, thin metallic scales 1, see invisible, deformed body,
poison resistance, shaggy fur 1, slowness 2, slow metabolism 1, spit poison 1,
evolution 2, AC +2
a: Spit Poison


You were on level 4 of the Dungeon.
You were not hungry.

You visited 1 branch of the dungeon, and saw 4 of its levels.

You collected 90 gold pieces.

Inventory:

Hand Weapons
 a - a +2 shortbow
 b - the +7 hand axe "Ogreslayer" (weapon) {protect, rC++ Int-3 SInv Stlth+}
   (You found it on level 4 of the Dungeon)

   It protects the one who uses it against injury (+AC on strike).
   It affects your intelligence (-3).
   It greatly protects you from cold.
   It lets you see invisible.
   It makes you more stealthy.
 h - a +0 dagger
 G - a +2 dagger of speed
Missiles
 C - 9 arrows
Armour
 d - a +0 robe (worn)
 r - a +0 pair of gloves (worn)
 s - a +0 chain mail
Jewellery
 o - a +4 ring of evasion (left hand)
Scrolls
 g - a scroll of noise {unknown}
 i - a scroll of enchant weapon {unknown}
 j - a scroll of recharging {unknown}
 l - 2 scrolls of teleportation {unknown}
 t - a scroll of blinking {unknown}
 u - 2 scrolls of identify {unknown}
 A - 2 scrolls of remove curse {unknown}
 H - a scroll of fog {unknown}
 I - a scroll of enchant armour {unknown}
Potions
 c - 3 potions of lignification
 B - 2 potions of haste {unknown}
 D - a potion of agility {unknown}
 F - 2 potions of heal wounds
 J - 2 potions of ambrosia {unknown}
Comestibles
 f - a bread ration
 z - a meat ration


   Skills:
 + Level 5.9 Fighting
 + Level 2.1 Axes
 - Level 1.0 Bows
 + Level 2.5 Armour
 - Level 8.0 Stealth
   Level 2.0 Hexes
   Level 1.0 Earth Magic
   Level 1.0 Evocations


You had 6 spell levels left.
You didn't know any spells.

Dungeon Overview and Level Annotations

Branches:
Dungeon (4/15)
 Temple: D:4-7

Altars:
Kikubaaqudgha


Innate Abilities, Weirdness & Mutations

You cannot wear boots.
Your serpentine skin is tough. (AC +2)
You have supernaturally acute eyesight. (SInv)
Armour fits poorly on your strangely shaped body.
Your system is resistant to poisons. (rPois)
You cover ground very slowly.
You have a slow metabolism.
You can spit poison.
You are partially covered in iridescent scales. (AC +2)
You are partially covered in thin metallic scales. (AC +2)
You are covered in fur. (AC +1)
You rapidly evolve.


Message History

You barely miss the ogre.
The ogre is lightly wounded.
The ogre hits you with a giant spiked club!!
You hit the ogre.
Your weapon exudes an aura of protection.
The ogre is moderately wounded.
The ogre closely misses you.
You hit the ogre.
The ogre is heavily wounded.
You have got your breath back.
The ogre closely misses you.
Press: ? - help, Shift-Dir - straight line, f/p - ogre
Aim: an ogre, wielding a giant spiked club (heavily wounded)
The splash of poison misses the ogre.
You feel slightly more hungry. The orc closely misses you.
The ogre closely misses you.
You hit the ogre but do no damage.
The ogre is heavily wounded.
The orc closely misses you.
The ogre hits you with a giant spiked club!!
You die...

#).....#####
..##....##
#..........
.#####..(###
#<......... ##
##....##
#.)........ #
###...##
..........
###..###
#......... ###
##...###.o.......
###.#
##...##.o.......
#...#
###.@##o.......
....#
##.Oo##...... ##
....##
###..###...# ##.
.....# ##...#####
##.. .....#
###..### ##...
.....#
##...####....
.....#
##...##.....
....##
###...#.... ....#
##....>..


You could see an ogre and an orc.

Vanquished Creatures
  2 ogres (D:4)
  A hound (D:4)
  3 orc priests (D:3)
  2 orc wizards
  2 worker ants (D:4)
  A hound skeleton (D:4)
  8 adders
  2 worms (D:2)
  3 dart slugs
  2 leopard geckos
  10 orcs
  4 giant cockroaches
  5 goblins
  8 hobgoblins
  A jackal (D:3)
  A quokka (D:3)
  6 bats
  5 frilled lizards
  9 kobolds
  3 rats
78 creatures vanquished.

Vanquished Creatures (others)
  The ghost of Beholder179 the Gusty, an amateur TeAE (D:3)
  A human (D:4)
2 creatures vanquished.

Grand Total: 80 creatures vanquished

Notes
Turn   | Place    | Note
-------+----------+-------------------------------------------
     0 | D:1      | Gorglomux the Naga Wanderer began the quest for the Orb.
     0 | D:1      | Gorglomux set off with: a +2 shortbow, 22 arrows, 2 potions of lignification, a +0 robe, a bread ration
     0 | D:1      | Reached XP level 1. HP: 22/22 MP: 1/1
   152 | D:1      | Reached skill level 2 in Stealth
   467 | D:1      | Reached skill level 3 in Stealth
   490 | D:1      | Reached XP level 2. HP: 30/30 MP: 2/2
  1035 | D:2      | Reached skill level 4 in Stealth
  1037 | D:2      | Reached XP level 3. HP: 32/36 MP: 3/3
  1095 | D:2      | Reached skill level 5 in Stealth
  1920 | D:3      | Reached XP level 4. HP: 29/44 MP: 4/4
  1927 | D:3      | Reached skill level 6 in Stealth
  1930 | D:3      | Gained mutation: You are partially covered in large bone plates. (SH +4) [potion of mutation]
  1930 | D:3      | Gained mutation: Your magical capacity is low. (-10% MP) [potion of mutation]
  1930 | D:3      | Gained mutation: You are robust. (+10% HP) [potion of mutation]
  1930 | D:3      | Gained mutation: You are partially covered in iridescent scales. (AC +2) [potion of mutation]
  1935 | D:3      | Reached skill level 7 in Stealth
  1935 | D:3      | Reached XP level 5. HP: 34/55 MP: 5/5
  1944 | D:3      | Reached skill level 8 in Stealth
  1956 | D:3      | HP: 2/55 [orc priest/divine providence (15)]
  1969 | D:3      | Lost mutation: You are robust. (+10% HP) [potion of mutation]
  1969 | D:3      | Lost mutation: Your magical capacity is low. (-10% MP) [potion of mutation]
  1969 | D:3      | Lost mutation: You are partially covered in large bone plates. (SH +4) [potion of mutation]
  1969 | D:3      | Gained mutation: You have a pair of small horns on your head. [potion of mutation]
  1969 | D:3      | Gained mutation: Your body sometimes deteriorates upon taking damage. [potion of mutation]
  1969 | D:3      | Gained mutation: You are partially covered in thin metallic scales. (AC +2) [potion of mutation]
  1969 | D:3      | Gained mutation: You evolve. [potion of mutation]
  1970 | D:3      | Lost mutation: Your body sometimes deteriorates upon taking damage. [potion of mutation]
  1970 | D:3      | Lost mutation: You have a pair of small horns on your head. [potion of mutation]
  1970 | D:3      | Gained mutation: You rapidly evolve. [potion of mutation]
  1970 | D:3      | Gained mutation: You are covered in fur. (AC +1) [potion of mutation]
  2353 | D:3      | Reached XP level 6. HP: 60/60 MP: 6/6
  2650 | D:3      | Noticed Beholder179's ghost (amateur TeAE)
  2665 | D:3      | Killed Beholder179's ghost
  2665 | D:3      | Reached skill level 1 in Armour
  3084 | D:4      | Got a shimmering hand axe
  3085 | D:4      | Identified the +7 hand axe "Ogreslayer" {protect, rC++ Int-3 SInv Stlth+} (You found it on level 4 of the Dungeon)
  3243 | D:4      | Reached skill level 1 in Axes
  3243 | D:4      | Reached XP level 7. HP: 40/67 MP: 7/7
  3577 | D:4      | Found an ancient bone altar of Kikubaaqudgha.
  3577 | D:4      | Noticed a human
  3579 | D:4      | Killed a human
  3866 | D:4      | Slain by an ogre

Skill      XL: |  1  2  3  4  5  6  7 |
---------------+----------------------+-----
Stealth        | 3 4 5 7 8 |  8.0
Fighting       | 5 |  5.9
Armour         | 1 2 |  2.5
Axes           | 1 2 |  2.1
Bows           | |  1.0
Hexes          | |  2.0
Earth Magic    | |  1.0
Evocations     | |  1.0

Action                   |  1- 3 |  4- 6 |  7- 9 || total
-------------------------+-------+-------+-------++-------
Melee: Dagger            |       |    73 |       ||    73
       Hand axe          |       |     6 |    22 ||    28
 Fire: Shortbow          |    64 |    68 |       ||   132
 Abil: Spit Poison       |    11 |    14 |     7 ||    32
  Use: Potion            |       |    10 |       ||    10
 Stab: Sleeping          |       |       |     1 ||     1
  Eat: Chunk             |     3 |     4 |       ||     7
       Bread ration      |       |       |     1 ||     1
Armor: Chain mail        |    17 |    34 |       ||    51
       Skin              |       |    54 |       ||    54
       Robe              |       |    17 |     9 ||    26
Dodge: Dodged            |     3 |    39 |    13 ||    55
Block: Other             |       |     3 |       ||     3
